 Dungeon Crawl Stone Soup version 0.24-a0-499-g1074bba3cf (webtiles) character file.

Game seed: 5858626414647037218

4468 Inarius the Cleaver (level 10, -3/78 HPs)
             Began as a Demonspawn Hunter on July 14, 2019.
             Was a Believer of Yredelemnul.
             Slain by Harold
             ... wielding a +0 battleaxe of freezing
              (13 damage)
             ... on level 8 of the Dungeon.
             The game lasted 00:14:30 (6496 turns).

Inarius the Cleaver (Demonspawn Hunter)             Turns: 6496, Time: 00:14:31

Health: -3/78      AC: 14    Str: 16    XL:     10   Next: 15%
Magic:  0/10       EV:  9    Int: 13    God:    Yredelemnul [**....]
Gold:   483        SH:  5    Dex: 19    Spells: 9/9 levels left

rFire    . . .     SeeInvis .   C - +2 hand axe (freeze)
rCold    . . .     Gourm    .   b - +0 buckler
rNeg     + . .     Faith    .   e - +1 chain mail {rN+}
rPois    .         Spirit   +   t - +0 helmet
rElec    .         Reflect  .   (no cloak)
rCorr    .         Harm     .   x - +0 pair of gloves
MR       .....                  (boots unavailable)
Stlth    ..........             y - amulet of the acrobat
HPRegen  0.23/turn              B - +2 ring of dexterity
MPRegen  0.12/turn              n - +4 ring of dexterity

@: marked
A: hooves 3, rugged brown scales 1, powered by death 2, magic shield
a: Animate Remains, Recall Undead Slaves, Injury Mirror, Renounce Religion


You were on level 8 of the Dungeon.
You worshipped Yredelemnul.
Yredelemnul was pleased with you.
You were not hungry.

You visited 2 branches of the dungeon, and saw 9 of its levels.
You also visited: Ossuary.

You collected 483 gold pieces.

Inventory:

Hand Weapons
 C - a +2 hand axe of freezing (weapon)
 G - a +0 hand axe of flaming
Missiles
 a - 21 boomerangs (quivered)
 c - 2 javelins
 d - 2 throwing nets
Armour
 b - a +0 buckler (worn)
 e - a +1 chain mail of positive energy (worn)
 o - a +1 scale mail of fire resistance
 t - a +0 helmet (worn)
 x - a +0 pair of gloves (worn)
Jewellery
 n - a +4 ring of dexterity (right hand)
 q - an uncursed ring of see invisible
 y - an amulet of the acrobat (around neck)
 B - a +2 ring of dexterity (left hand)
Wands
 H - a wand of random effects (19)
Scrolls
 g - a scroll of teleportation
 k - a scroll of amnesia {unknown}
 l - 2 scrolls of magic mapping {unknown}
 m - 6 scrolls of remove curse
 s - 2 scrolls of enchant weapon
 u - a scroll of torment {unknown}
 w - a scroll of enchant armour {unknown}
 E - a scroll of brand weapon {unknown}
 F - a scroll of identify
Potions
 h - 4 potions of heal wounds {unknown}
 i - 3 potions of flight {unknown}
 j - 4 potions of haste
 p - a potion of curing
 r - 3 potions of lignification
 v - a potion of agility {unknown}
 z - a potion of might {unknown}
 A - a potion of berserk rage
 D - a potion of degeneration {unknown}
Comestibles
 f - 8 rations
 I - 6 chunks of flesh


   Skills:
 + Level 5.7 Fighting
 * Level 9.8 Axes
 - Level 3.6 Throwing
 + Level 5.7 Armour
 + Level 4.1 Dodging
 - Level 0.8 Stealth
 + Level 3.3 Shields
 + Level 0.9 Evocations


You had 9 spell levels left.
You didn't know any spells.
Your spell library contained the following spells:

 Spells                   Type           Power        Failure   Level  Hunger
 Animate Skeleton         Necr           N/A          99%         1    ##.....
 Confusing Touch          Hex            #.....       99%         1    ##.....
 Infusion                 Chrm           #...         99%         1    ##.....
 Pain                     Necr           #...         99%         1    ##.....
 Shroud of Golubria       Chrm/Tloc      #.....       100%        2    ###....
 Song of Slaying          Chrm           #.......     100%        2    ###....
 Confuse                  Hex            #.......     100%        3    ####...
 Gell's Gravitas          Tloc           #.........   100%        3    ####...
 Regeneration             Chrm/Necr      #.........   100%        3    ####...
 Spectral Weapon          Hex/Chrm       #.......     100%        3    ####...
 Vampiric Draining        Necr           #.........   100%        3    ####...
 Animate Dead             Necr           N/A          100%        4    #####..
 Petrify                  Tmut/Erth      #.......     100%        4    #####..
 Metabolic Englaciation   Hex/Ice        #.........   100%        5    ######.
 Yara's Violent Unravell  Hex/Tmut       #.........   100%        5    ######.


Dungeon Overview and Level Annotations

Branches:
Dungeon (8/15)             Temple (1/1) D:7
   Lair: D:8-11

Altars:
Ashenzari
Cheibriados
Dithmenos
Elyvilon
Fedhas
Gozag
Hepliaklqana
Kikubaaqudgha
Makhleb
Okawaru
Ru
Trog
Uskayaw
Vehumet
Xom
Yredelemnul

Shops:
D:4 %   D:5 [

Annotations:
D:8 Harold


Innate Abilities, Weirdness & Mutations

You have hooves in place of feet.
You are partially covered in rugged brown scales. (AC +1, +3% HP)
You regenerate health from kills.
When hurt, damage is shared between your health and your magic reserves.


Message History

Harold is severely wounded.
Harold hits you with a +0 battleaxe of freezing!!
* * * LOW HITPOINT WARNING * * *
Harold freezes you.
* * * LOW HITPOINT WARNING * * *
You completely miss Harold.
Harold is severely wounded.
You hit Harold. You kick Harold, but do no damage.
Harold is severely wounded.
Harold hits you with a +0 battleaxe of freezing!
* * * LOW HITPOINT WARNING * * *
Harold freezes you!
* * * LOW HITPOINT WARNING * * *
You hit Harold. You freeze Harold. You kick Harold!
Harold is almost dead.
Unknown command.
You feel better.
Harold hits you with a +0 battleaxe of freezing!
You die...
Your body rises from the dead as a mindless zombie.

#................
#................
##................
#..............รท..
#.###....####.....
#.# #....# #..... #.#
#....# #..... ####.#
#....# #..... #...@#
#....# #.....
#)##@###....# ##'#'#
#.....##....#####.###
#...>.+..............
##....# ###...#.#.#
#....# #...#....
#....#######...+....
#..(...).......####+
#......).(..........


You could see Harold.

Vanquished Creatures
  Joseph (D:7)
  Psyche (D:8)
  A hippogriff (D:8)
  Sigmund (D:5)
  A vampire (D:8)
  A hungry ghost (D:7)
  Menkaure (D:5)
  An orc warrior (D:7)
  2 ice beasts
  2 ogres
  3 phantoms
  A big kobold (D:8)
  3 bullfrogs
  A scorpion (D:7)
  9 wights
  2 howler monkeys
  A bullfrog zombie (D:5)
  3 centaur zombies
  2 crimson imps
  2 centaur skeletons
  2 bullfrog skeletons
  5 orc priests
  5 hounds
  An iguana (D:8)
  6 orc wizards
  2 worker ants
  A killer bee zombie (D:6)
  2 big kobold zombies (Ossuary)
  A hound skeleton (D:8)
  2 mummies (Ossuary)
  2 worker ant zombies
  11 gnolls
  9 adders
  A shadow imp (D:5)
  3 oozes
  3 adder skeletons
  12 adder zombies (Ossuary)
  5 worms
  A dart slug (D:1)
  2 leopard geckos
  27 orcs
  5 giant cockroaches
  4 gnoll zombies (Ossuary)
  7 goblins
  7 hobgoblins
  2 jackals (D:2)
  4 quokkas
  7 bats
  7 frilled lizards
  6 hobgoblin zombies (Ossuary)
  A jackal zombie (D:7)
  15 kobolds
  5 kobold zombies (Ossuary)
  An orc zombie (Ossuary)
  10 rats
223 creatures vanquished.

Notes
Turn   | Place    | Note
-------+----------+-------------------------------------------
     0 | D:1      | Inarius the Demonspawn Hunter began the quest for the Orb.
     0 | D:1      | Reached XP level 1. HP: 16/16 MP: 1/1
   153 | D:1      | Gained mutation: You have large cloven feet. [demonic
                  | ancestry]
   153 | D:1      | Reached XP level 2. HP: 9/23 MP: 2/2
   817 | D:2      | Reached skill level 1 in Armour
   817 | D:2      | Gained mutation: You regenerate a little health from kills.
                  | [demonic ancestry]
   817 | D:2      | Reached XP level 3. HP: 16/28 MP: 3/3
  1567 | D:2      | Gained mutation: When hurt, damage is shared between your
                  | health and your magic reserves. [demonic ancestry]
  1567 | D:2      | Reached XP level 4. HP: 35/35 MP: 4/4
  2121 | D:3      | Gained mutation: You regenerate health from kills. [demonic
                  | ancestry]
  2121 | D:3      | Reached XP level 5. HP: 40/41 MP: 5/5
  2472 | D:4      | Reached skill level 1 in Shields
  2519 | D:4      | Gained mutation: You have hoof-like feet. [demonic
                  | ancestry]
  2519 | D:4      | Reached XP level 6. HP: 33/48 MP: 4/6
  2673 | D:4      | Found a sand-covered staircase.
  2697 | Ossuary  | Entered an ossuary
  2815 | Ossuary  | Reached skill level 1 in Axes
  2924 | Ossuary  | Gained mutation: You are partially covered in rugged brown
                  | scales. (AC +1, +3% HP) [demonic ancestry]
  2924 | Ossuary  | Reached XP level 7. HP: 48/55 MP: 7/7
  3002 | Ossuary  | Reached skill level 2 in Axes
  3370 | D:4      | Found Japsoamu's Food Shop.
  3379 | D:4      | Reached skill level 3 in Axes
  3438 | D:4      | Found a shattered altar of Ashenzari.
  3617 | D:5      | Entered Level 5 of the Dungeon
  3617 | D:5      | Noticed Menkaure
  3630 | D:5      | Killed Menkaure
  3724 | D:5      | Found Naqeivvi's Armour Emporium.
  3828 | D:5      | Reached skill level 4 in Axes
  4118 | D:5      | Got a jewelled dagger
  4119 | D:5      | Identified the +3 dagger of Reason {pierce, rC- Str+6} (You
                  | found it on level 5 of the Dungeon)
  4177 | D:5      | Found a blossoming altar of Fedhas.
  4233 | D:5      | Gained mutation: You have hooves in place of feet. [demonic
                  | ancestry]
  4233 | D:5      | Reached XP level 8. HP: 58/62 MP: 6/8
  4327 | D:5      | Reached skill level 5 in Axes
  4393 | D:5      | Noticed Sigmund
  4407 | D:5      | Killed Sigmund
  4520 | D:5      | Found an ancient bone altar of Kikubaaqudgha.
  4527 | D:5      | Reached skill level 6 in Axes
  5017 | D:6      | Reached skill level 7 in Axes
  5101 | D:6      | Found a radiant altar of Vehumet.
  5130 | D:6      | Reached XP level 9. HP: 61/69 MP: 7/9
  5329 | D:7      | Reached skill level 5 in Fighting
  5358 | D:7      | Reached skill level 5 in Armour
  5373 | D:7      | Found a staircase to the Ecumenical Temple.
  5388 | Temple   | Entered the Ecumenical Temple
  5399 | Temple   | Became a worshipper of Yredelemnul the Dark
  5562 | D:7      | Found a shadowy altar of Dithmenos.
  5757 | D:7      | Reached skill level 8 in Axes
  5961 | D:7      | Noticed Joseph
  5979 | D:7      | Killed Joseph
  6212 | D:8      | Reached * piety under Yredelemnul
  6232 | D:8      | Reached skill level 9 in Axes
  6238 | D:8      | Found a hide-covered altar of Uskayaw.
  6268 | D:8      | Noticed Psyche
  6277 | D:8      | Killed Psyche
  6314 | D:8      | Reached XP level 10. HP: 78/78 MP: 10/10
  6386 | D:8      | Reached ** piety under Yredelemnul
  6436 | D:8      | Noticed Harold
  6494 | D:8      | HP: 3/78 [Harold/+0 battleaxe of freezing (6)]
  6496 | D:8      | Slain by Harold

Levels and vault maps discovered:
D:1:      nzn_arrival_depleted_hourglass, layout_basic
D:2:      layout_rooms
D:3:      layout_rooms
D:4:      layout_loops_cross, overflow_temple_1_default, serial_shops, shop,
          enter_ossuary_5
D:5:      layout_loops_corners, lemuel_coloured_pillars_altar, first_ration,
          serial_shops, shop, fedhas_altar_2, uniq_menkaure, uniq_sigmund
D:6:      layout_rooms, lemuel_crystal_altar
D:7:      layout_basic, nicolae_dithmenos_the_darkroom,
          minmay_temple_entry_offerings, hangedman_minor_gate_pass, uniq_joseph
D:8:      layout_basic, eat_drink_and_be_merry_uskayaw, tso_altar,
          grunt_livestock, chequers_mini_garden, minmay_unpleasant_kobolds,
          uniq_harold, uniq_psyche
Temple:   cyrus_circular_temple

Skill      XL: |  1  2  3  4  5  6  7  8  9 |
---------------+----------------------------+-----
Dodging        | 2 3 4 |  4.1
Armour         | 1 2 3 4 5 |  5.7
Fighting       | 3 4 5 |  5.7
Shields        | 1 2 3 |  3.3
Axes           | 1 4 7 9 |  9.8
Throwing       | |  3.6
Stealth        | |  0.8
Evocations     | |  0.9

Action                   |  1- 3 |  4- 6 |  7- 9 | 10-12 || total
-------------------------+-------+-------+-------+-------++-------
Melee: Short sword       |    29 |       |       |       ||    29
       Dagger            |    90 |   193 |       |       ||   283
       Kick              |    21 |    11 |   103 |    33 ||   168
       War axe           |       |   135 |   277 |       ||   412
       Hand axe          |       |       |   187 |    61 ||   248
Throw: Javelin           |     5 |     6 |    10 |       ||    21
       Boomerang         |       |     3 |    17 |       ||    20
       Throwing net      |       |       |     2 |     2 ||     4
Evoke: Wand              |       |       |     4 |     2 ||     6
  Use: Scroll            |       |     9 |     3 |       ||    12
       Potion            |       |     1 |     1 |     1 ||     3
 Stab: Held in net/web   |       |       |       |     2 ||     2
  Eat: Chunk             |     2 |     4 |    10 |     1 ||    17
       Ration            |       |       |     2 |       ||     2
Armor: Leather armour    |    13 |       |       |       ||    13
       Scale mail        |    20 |   116 |       |       ||   136
       Chain mail        |       |    92 |   283 |    29 ||   404
Dodge: Dodged            |    84 |   164 |   184 |    27 ||   459
Block: Buckler           |     4 |    71 |   100 |    14 ||   189

Table legend:
 A = Non-vault XP
 B = Vault XP
 C = Vault XP percentage of total XP
 D = Non-vault monster count
 E = Vault monster count
 F = Vault count percentage of total count
                 A         B        C        D         E       F
            +---------+---------+-------+---------+---------+-------
      Total |    4662 |    1721 |  27.0 |     182 |      41 |  18.4
            +---------+---------+-------+---------+---------+-------
        D:1 |      29 |       0 |   0.0 |      17 |       0 |   0.0
        D:2 |      70 |       0 |   0.0 |      27 |       0 |   0.0
        D:3 |     190 |       0 |   0.0 |      25 |       0 |   0.0
        D:4 |     601 |       0 |   0.0 |      32 |       0 |   0.0
        D:5 |     828 |     402 |  32.7 |      22 |       2 |   8.3
        D:6 |     541 |       0 |   0.0 |      15 |       0 |   0.0
        D:7 |    1040 |     726 |  41.1 |      16 |       6 |  27.3
        D:8 |    1363 |     424 |  23.7 |      28 |       1 |   3.4
    Ossuary |       0 |     169 | 100.0 |       0 |      32 | 100.0
            +---------+---------+-------+---------+---------+-------
